Map: Washout LE

Players

JIJIAN

  • Race: Zerg Zerg
  • League: Diamond
  • Spawn Location: 1:00

RipNHammer - Winner!

  • Race: Terran Terran
  • League: Master
  • Spawn Location: 7:00

VOD

Have the link to the VOD?

Description

Time

  • Played on: Sept. 5, 2026, 3:42 p.m.
  • Length: 7:52
Show
View Real Time Build Order
Export as new Build Order

JIJIAN Zerg 

Build Orders: Hatch First 

Get SALT Encoding   

  8  0:01  Drone  
  9  0:11  Drone  
  10  0:16  Drone  
  11  0:22  Drone  
  12  0:34  Overlord  
  12  0:40  Extractor, Drone  
  13  0:52  Drone x2  
  15  1:14  Hatchery  
  15  1:17  Drone  
  15  1:21  Drone  
  15  1:24  Drone  
  17  1:40  Spawning Pool  
  17  1:43  Drone  
  17  1:49  Drone  
  17  1:53  Drone  
  19  1:57  Extractor  
  19  2:00  Overlord  
  18  2:28  Zergling x4, Queen x2  
  24  2:32  Drone  
  24  2:35  Drone  
  26  2:38  Drone  
  26  2:41  Drone  
  28  2:46  Drone  
  28  2:50  Drone  
  30  2:58  Drone  
  31  3:04  Drone  
  31  3:13  Drone  
  31  3:24  Hatchery  
  31  3:27  Drone  
  31  3:37  Overlord  
  31  3:40  Metabolic Boost  
  31  3:42  Drone  
  32  3:49  Lair  
  32  3:55  Overlord x2, Queen  
  32  4:01  Drone x4  
  38  4:03  Drone  
  38  4:06  Drone  
  40  4:13  Drone  
  40  4:16  Drone  
  42  4:21  Drone  
  42  4:22  Evolution Chamber  
  42  4:24  Extractor  
  42  4:25  Drone  
  42  4:30  Drone x3  
  46  4:31  Drone  
  46  4:33  Queen  
  46  4:38  Drone  
  49  4:41  Zergling x4  
  49  4:44  Queen  
  53  4:46  Zergling x2  
  54  4:55  Drone x3  
  54  4:56  Overlord x2  
  54  4:59  Zerg Ground Armor Level 1  
  57  5:06  Baneling Nest, Drone x2  
  57  5:07  Drone  
  59  5:08  Drone  
  59  5:17  Drone x3  
  62  5:21  Queen  
  62  5:28  Zergling x6  
  62  5:29  Overseer  
  62  5:32  Queen  
  66  5:41  Drone x2  
  68  5:48  Queen  
  61  5:57  Zergling x2  
  61  5:58  Zergling x14  
  65  6:05  Drone x2  
  65  6:09  Centrifugal Hooks  
  67  6:16  Drone  
  68  6:18  Overlord x3  
  68  6:19  Overlord x2  
  67  6:25  Queen  
  68  6:37  Drone x3  
  69  6:40  Drone x6  
  69  6:42  Drone x4  
  69  6:44  Hatchery  
  77  6:50  Roach Warren  
  76  7:01  Overlord x2  
  76  7:06  Zergling x14  
  83  7:10  Zergling x10  
  83  7:11  Zergling x2  
  76  7:33  Hatchery  
Show
View Real Time Build Order
Export as new Build Order

RipNHammer Terran - Winner!

Build Orders: Reaper Expand, Hellion Banshee 

Get SALT Encoding   

  8  0:00  SCV  
  9  0:12  SCV  
  10  0:24  SCV  
  11  0:37  SCV  
  12  0:44  Supply Depot  
  12  0:49  SCV  
  13  0:55  Refinery  
  13  1:05  SCV  
  13  1:07  Barracks  
  14  1:17  SCV  
  15  1:29  SCV  
  16  1:41  SCV  
  17  1:54  Reaper  
  17  1:55  Orbital Command  
  18  2:08  Command Center  
  18  2:21  SCV  
  19  2:25  Factory  
  19  2:33  Barracks Reactor, SCV  
  20  2:38  Refinery  
  20  2:47  Supply Depot  
  20  2:48  SCV  
  21  3:08  SCV  
  22  3:21  SCV  
  22  3:25  Starport  
  22  3:26  Orbital Command  
  23  3:31  Hellion x2  
  27  3:37  SCV  
  28  3:49  SCV  
  28  3:52  Hellion  
  28  3:53  Hellion, SCV  
  34  4:01  SCV  
  34  4:02  Viking  
  37  4:06  Barracks Tech Lab  
  37  4:07  SCV  
  38  4:13  Supply Depot  
  38  4:16  SCV  
  39  4:20  Hellion  
  39  4:21  SCV  
  42  4:27  Supply Depot  
  42  4:34  SCV  
  42  4:35  Hellion  
  45  4:45  SCV  
  46  4:52  Banshee  
  46  4:53  Cloaking Field  
  46  4:54  SCV  
  46  4:55  Command Center  
  46  4:57  SCV  
  51  5:02  Supply Depot  
  51  5:06  SCV  
  56  5:21  Hellion x2, SCV x2  
  58  5:33  SCV  
  58  5:34  SCV  
  60  5:36  Banshee  
  60  5:39  Factory  
  63  5:47  SCV  
  64  5:52  Factory  
  64  6:04  Hellion x2  
  66  6:11  SCV x2  
  67  6:17  Refinery  
  68  6:19  Refinery  
  68  6:21  Engineering Bay  
  68  6:37  Hellion x2  
  72  6:43  SCV  
  72  6:46  SCV  
  74  6:47  SCV  
  75  6:55  SCV  
  75  6:58  SCV  
  75  7:00  Orbital Command  
  77  7:03  Factory Tech Lab  
  77  7:04  Factory  
  77  7:07  SCV  
  78  7:09  Factory  
  78  7:10  SCV  
  78  7:14  Cyclone, Hellion x2  
  78  7:15  Supply Depot x3  
Tags
 
Add a new tag
Caveats
  • Supply blocks, unpowered buildings, or Contaminate may cause inaccurate times.
  • Supply counts are checked every 10 seconds.